 Dungeon Crawl Stone Soup version 0.27-a0-291-gd9602db6ee (webtiles) character file.

Game seed: 9281961441720106983

833 Fenrir042 the Insei (level 7, 0/50 HPs)
             Began as an Octopode Monk on Feb 9, 2021.
             Slain by an ogre
             ... wielding a +0 giant club
              (10 damage)
             ... on level 6 of the Dungeon.
             The game lasted 00:17:19 (6069 turns).

Fenrir042 the Insei (Octopode Monk)                 Turns: 6069, Time: 00:17:21

Health: 0/50       AC:  1    Str: 13    XL:     7   Next: 98%
Magic:  0/7        EV: 17    Int: 12    God:
Gold:   252        SH:  0    Dex: 20    Spells: 6/6 levels left

rFire    . . .     SeeInvis .     - Unarmed
rCold    . . .     Faith    .   (no shield)
rNeg     . . .     Spirit   +   (helmet restricted)
rPois    .         Reflect  .   r - amulet of guardian spirit
rElec    .         Harm     .   m - +6 ring of dexterity
rCorr    .         Rampage  .   n - ring of flight
Will     .....                  (no ring)
Stlth    +++.......             (no ring)
HPRegen  0.16/turn              (no ring)
MPRegen  0.10/turn              (no ring)
                                (no ring)
                                (no ring)

@: no status effects
A: almost no armour, stealthy swim, amphibious, 8 rings, constrict 8, camouflage
1, gelatinous body 1
a: Evoke Flight


You were on level 6 of the Dungeon.
You visited 2 branches of the dungeon, and saw 7 of its levels.
You also visited: Ossuary.

You collected 252 gold pieces.

Inventory:

Jewellery
 m - a +6 ring of dexterity (left tentacle)
 n - a ring of flight (right tentacle)
 r - an amulet of guardian spirit (around mantle)
Wands
 s - a wand of flame (17)
 v - a wand of polymorph (6)
Scrolls
 a - a scroll of blinking
 b - a scroll of teleportation {unknown}
 c - 4 scrolls of amnesia {unknown}
 d - a scroll of noise {unknown}
 e - 4 scrolls of identify
 f - 2 scrolls of magic mapping {unknown}
 i - 2 scrolls of fog {unknown}
 j - 2 scrolls of immolation {unknown}
 o - 2 scrolls of enchant armour {unknown}
 t - 2 scrolls of remove curse {unknown}
Potions
 g - 3 potions of flight
 h - a potion of mutation {unknown}
 k - a potion of resistance {unknown}
 l - a potion of lignification {unknown}
 p - a potion of heal wounds {unknown}
 q - a potion of magic {unknown}
 u - a potion of cancellation {unknown}


   Skills:
 + Level 5.2 Fighting
 + Level 5.2 Dodging
 - Level 2.6 Stealth
 * Level 6.9 Unarmed Combat


You had 6 spell levels left.
You didn't know any spells.
Your spell library contained the following spells:

 Spells                   Type           Power        Failure   Level
 Corona                   Hex            0%           32%         1
 Ensorcelled Hibernation  Hex/Ice        0%           45%         2
 Confusing Touch          Hex            0%           69%         3
 Dazzling Flash           Conj/Hex       0%           69%         3
 Tukima's Dance           Hex            0%           69%         3


Dungeon Overview and Level Annotations

Branches:
Dungeon (6/15)             Temple (1/1) D:4         Ossuary (visited)

Altars:
Cheibriados
Dithmenos
Elyvilon
Fedhas
Gozag
Hepliaklqana
Kikubaaqudgha
Nemelex Xobeh
Qazlal
Trog
Uskayaw
Vehumet
Wu Jian
Xom
Yredelemnul
Zin


Innate Abilities, Weirdness & Mutations

You cannot wear most types of armour.
You are very stealthy in the water. (Stealth+)
You are amphibious.
You can wear up to eight rings at the same time.
You can use your tentacles to constrict eight enemies at once.
Your skin changes colour to match your surroundings (Stealth+).
Your rubbery body absorbs attacks. (AC +1, EV +1)


Message History

The ogre is heavily wounded.
You bludgeon the ogre! You squeeze the ogre.
You kill the ogre!
The shadow imp misses you.
You closely miss the shadow imp. You grab the shadow imp.
You tentacle-slap the shadow imp, but do no damage.
You constrict the shadow imp, but do no damage.
You release your grip on the shadow imp.
You tentacle-slap the shadow imp. You grab the shadow imp.
You tentacle-slap the shadow imp.
The shadow imp is heavily wounded.
You constrict the shadow imp. The shadow imp hits you.
You closely miss the ogre. You squeeze the ogre!
The ogre is moderately wounded.
You constrict the shadow imp, but do no damage.
The shadow imp gestures at you. Pain shoots through your body!
* * * LOW HITPOINT WARNING * * *
The ogre hits you with a +0 giant club!
You die...

###...##...........#
#................#
#........##......# .
+...#######......#
.. #...# ..##......#
... #...#
..........# ....
##+##
.......?..#.....
...........'.....
........@5.#.....
...##....O.#..... ..
#......# ....
#......# ....
........# ...
.........#
..##......# ..
########


You could see an ogre and a shadow imp.

Vanquished Creatures
  Grinder (D:4)
  2 ogres
  A phantom (D:4)
  A scorpion (D:4)
  2 howler monkeys
  A hound (D:4)
  Crazy Yiuf (D:4)
  A gnoll shaman (D:5)
  A hound skeleton (D:4)
  A mummy (Ossuary)
  4 gnolls (D:6)
  4 adders
  2 ufetubi
  4 worms
  3 dart slugs
  2 leopard geckos (D:2)
  7 orcs
  8 bats
  3 giant cockroaches
  A gnoll zombie (Ossuary)
  A goblin (D:3)
  3 hobgoblins
  2 quokkas
  A ball python (D:3)
  7 frilled lizards
  2 hobgoblin zombies (Ossuary)
  5 kobolds
  An orc zombie (Ossuary)
  7 rats
79 creatures vanquished.

Vanquished Creatures (others)
  2 plants (D:2)
2 creatures vanquished.

Grand Total: 81 creatures vanquished

Notes
Turn   | Place    | Note
-------+----------+-------------------------------------------
     0 | D:1      | Fenrir042 the Octopode Monk began the quest for the Orb.
     0 | D:1      | Reached XP level 1. HP: 16/16 MP: 1/1
   352 | D:1      | Reached XP level 2. HP: 20/21 MP: 2/2
   990 | D:2      | Reached XP level 3. HP: 18/26 MP: 3/3
  1648 | D:2      | Reached skill level 4 in Unarmed Combat
  1753 | D:2      | Reached XP level 4. HP: 23/31 MP: 4/4
  2968 | D:3      | Found a hazy altar of Hepliaklqana.
  3079 | D:4      | Found a sparkling altar of Nemelex Xobeh.
  3079 | D:4      | Noticed Grinder
  3087 | D:4      | Killed Grinder
  3088 | D:4      | Reached skill level 5 in Unarmed Combat
  3088 | D:4      | Reached XP level 5. HP: 4/37 MP: 5/5
  3088 | D:4      | Reached XP level 6. HP: 5/43 MP: 6/6
  3647 | D:4      | Found a sand-covered staircase.
  3653 | Ossuary  | Entered an ossuary
  4027 | D:4      | Reached XP level 7. HP: 49/49 MP: 7/7
  4137 | D:4      | Found a staircase to the Ecumenical Temple.
  4144 | Temple   | Entered the Ecumenical Temple
  4348 | D:4      | Found a runed translucent door.
  4349 | D:4      | Noticed Crazy Yiuf
  4454 | D:4      | Reached skill level 6 in Unarmed Combat
  4653 | D:4      | Killed Crazy Yiuf
  4783 | D:5      | Entered Level 5 of the Dungeon
  4926 | D:5      | Found a hide-covered altar of Uskayaw.
  4929 | D:5      | Found a shadowy altar of Dithmenos.
  4929 | D:5      | Found a white marble altar of Elyvilon.
  5412 | D:5      | Reached skill level 5 in Fighting
  5489 | D:5      | Found an ornate altar of the Wu Jian Council.
  5824 | D:5      | Reached skill level 5 in Dodging
  6069 | D:6      | Slain by an ogre

Illustrated notes

Levels and vault maps discovered:
D:1:      dpeg_arrival_boxes_within_box, layout_basic, minmay_misc_feat_alley
D:2:      layout_loops_corners, serial_forest, infiniplex_forest_lined_3,
          infiniplex_forest_end_1, infiniplex_forest_straight_3,
          infiniplex_forest_clump_double, infiniplex_forest_fountain,
          infiniplex_forest_clump_C
D:3:      layout_basic, nzn_hepliaklqana_mist_gate
D:4:      layout_rooms, nicolae_overflow_crystal_walls,
          minmay_temple_entry_enclosed_plants, nicolae_ossuary_entry_plus,
          serial_curves, eino_curves_03, eino_curves_02, grunt_ministairs_11,
          uniq_grinder, uniq_crazy_yiuf_cottage
D:5:      layout_loops_ring, pdpol_wu_jian_five_deadly_venoms,
          grunt_temple_overflow_open
D:6:      layout_gridville, lemuel_coloured_pillars_altar,
          general_overflow_altar, cheibrodos_sewer_entry_bend
Temple:   eino_wide_crystal_templ

Skill      XL: |  1  2  3  4  5  6  7 |
---------------+----------------------+-----
Unarmed Combat | 4 5 6 |  6.9
Fighting       | 4 5 |  5.2
Dodging        | 4 5 |  5.2
Stealth        | |  2.6

Action                   |  1- 3 |  4- 6 |  7- 9 || total
-------------------------+-------+-------+-------++-------
Melee: Unarmed           |    60 |    71 |    75 ||   206
       Constrict         |    19 |    22 |    12 ||    53
       Tentacles         |    10 |    24 |    13 ||    47
       Punch             |     3 |     3 |     4 ||    10
  Use: Scroll            |       |     1 |     4 ||     5
 Stab: Sleeping          |    11 |     1 |     7 ||    19
Armor: Skin              |     6 |     2 |     3 ||    11
Dodge: Dodged            |    30 |    51 |    51 ||   132

Table legend: (Time is in decaauts)
 A = Elapsed time spent in this place.
 B = Non-inter-level travel time spent in this place.
 C = Inter-level travel time spent in this place.
 D = Time resting spent in this place.
 E = Time spent auto-exploring this place.
 F = Levels seen in this place.
 G = Mean time per level.
                   A        B        C        D        E       F      G
               +--------+--------+--------+--------+--------+-----+--------+
         Total |   6049 |   5839 |    210 |    440 |   4780 |   8 |  756.1 |
       Dungeon |   5917 |   5736 |    181 |    440 |   4730 |   6 |  986.2 |
        Temple |     80 |     51 |     29 |      0 |     50 |   1 |   80.0 |
       Ossuary |     51 |     51 |      0 |      0 |      0 |   1 |   51.0 |
               +--------+--------+--------+--------+--------+-----+--------+

Top non-repeatable levels by time:
     D:4: 1568 daAuts
     D:3: 1085 daAuts
     D:2: 1039 daAuts
     D:1: 944 daAuts
     D:5: 928 daAuts
     D:6: 350 daAuts
  Temple: 80 daAuts
 Ossuary: 51 daAuts
